 Dungeon Crawl Stone Soup version 0.29.1-13-g9f3cf754e1 (webtiles) character file.

Game seed: 13609279958051265901

1419 H0rd4k the Fighter (level 8, -4/55 (62) HPs)
             Began as an Octopode Artificer on Jan 26, 2023.
             Was an Initiate of Gozag.
             Slain by a hell rat (6 damage)
             ... on level 1 of the Lair of Beasts.
             The game lasted 00:14:58 (12457 turns).

H0rd4k the Fighter (Octopode Artificer)            Turns: 12457, Time: 00:15:00

HP:   -4/55 (62)    AC:  2    Str: 11    XL:     8   Next: 71%
MP:   15/15         EV: 13    Int: 15    God:    Gozag
Gold: 721           SH:  0    Dex: 13    Spells: 15/17 levels left

rFire   . . .      SeeInvis +   (no weapon)
rCold   . . .      Faith    .   (no shield)
rNeg    . . .      Spirit   .   l - +1 hat
rPois   +          Reflect  .   (no amulet)
rElec   .          Harm     .   h - ring of see invisible
rCorr   .          Rampage  .   d - ring of poison resistance
Will    .....                   (no ring)
Stlth   ++........              (no ring)
HPRegen 0.18/turn               (no ring)
MPRegen 0.14/turn               (no ring)
                                (no ring)
                                (no ring)

@: confused, ambrosia-drunk, gold aura, heavily drained
A: almost no armour, amphibious, 8 rings, camouflage 1, gelatinous body 1,
(nimble swimmer 1), tentacles
a: Renounce Religion, Potion Petition, Call Merchant, Bribe Branch


You were on level 1 of the Lair of Beasts.
You worshipped Gozag.
Gozag was pleased with you.
You visited 3 branches of the dungeon, and saw 11 of its levels.
You also visited: Ossuary.

You collected 790 gold pieces.
You paid 69 gold pieces to Gozag.

Inventory:

Missiles
 B - 4 poisoned darts
Armour
 l - a +1 hat (worn)
Magical Staves
 y - a staff of air
Jewellery
 d - a ring of poison resistance (right tentacle)
 h - a ring of see invisible (left tentacle)
Scrolls
 f - 2 scrolls of noise
 j - a scroll of teleportation
 m - 3 scrolls of magic mapping
 n - 3 scrolls of poison {unknown}
 r - 2 scrolls of enchant weapon {unknown}
 s - 2 scrolls of vulnerability
Potions
 a - 3 potions of curing
 e - 2 potions of cancellation
 i - 3 potions of lignification
 k - 3 potions of brilliance
 p - 2 potions of degeneration
 q - 2 potions of mutation
 t - a potion of heal wounds
 v - 3 potions of attraction {unknown}
 w - 4 potions of flight {unknown}


   Skills:
 + Level 8.6 Fighting
 - Level 2.3 Dodging
 - Level 1.3 Stealth
 * Level 5.2 Spellcasting
 * Level 0.6 Translocations
 - Level 3.2 Evocations


You had 15 spell levels left.
You knew the following spells:

 Your Spells              Type           Power      Damage    Failure   Level
a - Blink                 Tloc           10%        N/A       19%         2

Your spell library contained the following spells:

 Spells                   Type           Power      Damage    Failure   Level
 Freeze                   Ice            12%        1d4       16%         1
 Sandblast                Erth           6%         2d5       16%         1
 Passwall                 Tmut/Erth      2%         N/A       24%         2
 Lesser Beckoning         Tloc           5%         N/A       36%         3
 Frozen Ramparts          Ice            6%         1d1       43%         3
 Stone Arrow              Conj/Erth      6%         3d7       43%         3
 Anguish                  Hex/Necr       1%         N/A       85%         4
 Hailstorm                Conj/Ice       3%         3d3       85%         4
 Manifold Assault         Tloc           5%         N/A       98%         5
 Enfeeble                 Hex            1%         N/A       100%        7


Dungeon Overview and Level Annotations

Branches:
Dungeon (9/15)             Temple (1/1) D:5            Lair (1/5) D:8
Ossuary (visited)
    Orc: D:9-12

Altars:
Ashenzari
Cheibriados
Dithmenos
Elyvilon
Fedhas
Gozag
Hepliaklqana
Kikubaaqudgha
Makhleb
Nemelex Xobeh
Okawaru
Qazlal
Ru
Sif Muna
Trog
Uskayaw
Vehumet
Wu Jian
Xom
Yredelemnul
Zin
The Shining One

Shops:
D:6 *

Annotations:
D:6 1 runed translucent door, exclusion: door, Crazy Yiuf
D:7 exclusions: downstairs and orc warrior
D:8 exclusion: downstairs
Lair:1 exclusion: komodo dragon, Grum


Innate Abilities, Weirdness & Mutations

You cannot wear most types of armour.
You are amphibious.
You can wear up to eight rings at the same time.
Your skin changes colour to match your surroundings (Stealth+).
Your rubbery body absorbs attacks. (AC +1, EV +1)
((You are camouflaged when in or above water. (Stealth+)))
You have tentacles for arms and can constrict up to eight enemies at once.


Message History

You constrict the water moccasin. The water moccasin bites you.
* * * LOW HITPOINT WARNING * * *
You feel much better.
You constrict the water moccasin. The water moccasin barely misses you.
The water moccasin bites you.
You tentacle-slap the water moccasin.
The water moccasin is severely wounded.
You constrict the water moccasin. The water moccasin bites you.
You tentacle-slap the water moccasin but do no damage.
The water moccasin is almost dead.
You constrict the water moccasin. The water moccasin bites you.
You tentacle-slap the water moccasin but do no damage.
You squeeze the water moccasin.
You kill the water moccasin!
You tentacle-slap the hell rat. Your grab misses the hell rat.
The hell rat is lightly wounded.
The hell rat bites you!
* * * LOW HITPOINT WARNING * * *
You feel drained.
* * * LOW HITPOINT WARNING * * *
You barely miss the hell rat. Your grab misses the hell rat.
The hell rat is lightly wounded.
The hell rat closely misses you.
You feel much better. The hell rat closely misses you.
You tentacle-slap the hell rat but do no damage.
You grab the hell rat. You squeeze the hell rat!
The hell rat is heavily wounded.
You constrict the hell rat, but do no damage.
The hell rat bites you!
* * * LOW HITPOINT WARNING * * *
You feel drained.
* * * LOW HITPOINT WARNING * * *
It was a potion of ambrosia.
You are confused.
You feel invigorated.
You constrict the hell rat.
The hell rat twitches its whiskers.
The hell rat bites you!
* * * LOW HITPOINT WARNING * * *
You feel drained.
You die...
Your body crumbles into a pile of gold.

.................#
##....####..####.#
#..... ###..####.#
#.....
#......##.##
......
#......##..#
.#.... #.........#
#.... #......##.#
#.... #......##.#
... #####..###@#
....#.###..###r#
r............rr#
.........r...rr#
.........r.....#
................#
.............PP##
....##P###P##P.#
.... ## #####.#


You could see 5 hell rats.

Vanquished Creatures
  2 water moccasins
  2 black bears
  3 centaurs
  A kobold brigand (D:9)
  A bullfrog (D:7)
  2 scorpions
  A howler monkey (D:8)
  3 hounds
  An iguana (D:5)
  Terence (D:2)
  Jessica (D:2)
  2 orc wizards
  A mummy (Ossuary)
  7 adders
  A white imp (D:8)
  2 ufetubi
  A worm zombie (D:4)
  A worm (D:3)
  4 dart slugs
  13 orcs
  3 spectral bats (Ossuary)
  6 endoplasms
  5 giant cockroaches
  8 goblins
  3 hobgoblins
  9 jackals
  5 quokkas
  8 ball pythons
  5 bats
  6 bat simulacra (Ossuary)
  3 frilled lizards
  13 gnoll zombies
  A goblin simulacrum (Ossuary)
  3 goblin zombies
  3 hobgoblin zombies (Ossuary)
  11 kobolds
  3 kobold simulacra (Ossuary)
  8 kobold zombies (Ossuary)
  4 orc zombies (Ossuary)
  6 rats
  5 rat simulacra (Ossuary)
  6 spectral goblins
  A spectral kobold (Ossuary)
  A spectral rat (Ossuary)
176 creatures vanquished.

Vanquished Creatures (collateral kills)
  An adder (D:4)
  An orc (D:4)
  A giant cockroach (D:3)
  A goblin (D:4)
  A hobgoblin (D:4)
  A jackal (D:2)
6 creatures vanquished.

Vanquished Creatures (others)
  A sky beast (D:8)
  A killer bee (D:9)
  An adder (D:3)
  An orc zombie (Ossuary)
  6 fungi
  3 plants (Lair:1)
13 creatures vanquished.

Grand Total: 195 creatures vanquished

Notes
Turn   | Place    | Note
-------+----------+-------------------------------------------
     0 | D:1      | H0rd4k the Octopode Artificer began the quest for the Orb.
     0 | D:1      | Reached XP level 1. HP: 13/13 MP: 1/1
   477 | D:1      | Reached XP level 2. HP: 15/18 MP: 1/3
   559 | D:1      | Reached skill level 1 in Spellcasting
  1245 | D:1      | Reached skill level 2 in Fighting
  1250 | D:1      | Reached XP level 3. HP: 19/24 MP: 5/5
  1987 | D:2      | Found a faded altar of an unknown god.
  2243 | D:2      | Noticed Terence
  2252 | D:2      | Reached XP level 4. HP: 25/30 MP: 7/7
  2525 | D:2      | Noticed Jessica
  2531 | D:2      | Killed Jessica
  2777 | D:3      | Reached skill level 3 in Fighting
  3420 | D:3      | Reached XP level 5. HP: 24/36 MP: 9/9
  3945 | D:4      | Found a sand-covered staircase.
  3968 | Ossuary  | Entered an ossuary
  4919 | D:4      | Reached skill level 4 in Fighting
  5057 | D:4      | Noticed a black bear
  5110 | D:4      | Reached XP level 6. HP: 34/43 MP: 9/11
  5300 | D:4      | Killed a black bear
  5301 | D:4      | Reached skill level 5 in Fighting
  5729 | D:5      | Entered Level 5 of the Dungeon
  5731 | D:5      | Noticed a black bear
  5738 | D:5      | Killed a black bear
  5739 | D:5      | Reached XP level 7. HP: 50/50 MP: 12/12
  5739 | D:5      | Found a staircase to the Ecumenical Temple.
  5758 | Temple   | Entered the Ecumenical Temple
  5889 | Temple   | Became a worshipper of Gozag Ym Sagoz the Greedy
  6465 | D:5      | Reached skill level 6 in Fighting
  7105 | D:6      | Found Sitsim's General Store.
  7220 | D:6      | Reached skill level 7 in Fighting
  7222 | D:6      | Reached XP level 8. HP: 45/60 MP: 14/14
  7715 | D:6      | Found a runed translucent door.
  7716 | D:6      | Noticed Crazy Yiuf
  8002 | D:7      | Found a hazy altar of Hepliaklqana.
  8441 | D:7      | Found a burning altar of Makhleb.
  9629 | D:8      | Reached skill level 8 in Fighting
  9964 | D:8      | Found a staircase to the Lair.
  9987 | D:8      | Reached skill level 5 in Spellcasting
 11009 | D:2      | Killed Terence
 11765 | D:8      | HP: 1/62 [orc/+0 falchion (6)]
 12044 | Lair:1   | Entered Level 1 of the Lair of Beasts
 12044 | Lair:1   | Noticed Grum
 12051 | Lair:1   | Noticed a yak
 12052 | Lair:1   | Noticed a yak
 12052 | Lair:1   | Noticed a yak
 12052 | Lair:1   | Noticed a yak
 12052 | Lair:1   | Noticed a rime drake
 12060 | Lair:1   | HP: 3/62 [wolf[Grum] (7)]
 12311 | Lair:1   | Learned a level 2 spell: Blink
 12337 | Lair:1   | Noticed a komodo dragon
 12370 | Lair:1   | Noticed a cane toad
 12413 | Lair:1   | Noticed a black mamba
 12457 | Lair:1   | HP: 2/58 [hell rat (15)]
 12457 | Lair:1   | Slain by a hell rat

Illustrated notes

Levels and vault maps discovered:
D:1:      mrwooster_arrival_statue_2, layout_basic, serial_bayou_pond_e,
          minmay_cupped
D:2:      layout_loops_ring, chequers_ecumenical_altar_island, uniq_jessica,
          uniq_terence
D:3:      minmay_chambers_of_threes, layout_basic
D:4:      layout_basic, enter_ossuary_3
D:5:      layout_rooms, minmay_temple_entry_sparse_star,
          nicolae_concentric_dashed_squares_wild
D:6:      layout_rooms, serial_shops, shop, uniq_crazy_yiuf_cottage
D:7:      layout_basic, nicolae_hepliaklqana_monster_ancestors,
          lemuel_doored_altar, st_stairs_8, bh_walls_and_bars
D:8:      layout_basic, lair_entry_dummy
D:9:      layout_roguey, hiddenorc2_lemuel, uniq_joseph
Temple:   nicolae_temple_bog_church
Lair:1:   layout_regular_city, gammafunk_ghost_grave,
          chequers_serial_rivers_micro_e, uniq_gastronok, uniq_grum, uniq_maggie

Skill      XL: |  1  2  3  4  5  6  7  8 |
---------------+-------------------------+-----
Spellcasting   | 1 2 3 4 5 |  5.2
Fighting       | 2 3 4 5 7 8 |  8.6
Dodging        | |  2.3
Stealth        | |  1.3
Translocations | |  0.6
Evocations     | |  3.2

Action                   |  1- 3 |  4- 6 |  7- 9 || total
-------------------------+-------+-------+-------++-------
Melee: Unarmed           |   103 |   301 |   199 ||   603
       Constrict         |    24 |    67 |    44 ||   135
       Tentacles         |    26 |    76 |    59 ||   161
       Punch             |     3 |     7 |     3 ||    13
Evoke: Wand              |       |    22 |    13 ||    35
  Use: Scroll            |       |     2 |    13 ||    15
       Potion            |       |       |    10 ||    10
 Stab: Sleeping          |     6 |    15 |     4 ||    25
       Distracted        |       |     1 |       ||     1
Armor: Skin              |     5 |    44 |    25 ||    74
Dodge: Dodged            |    61 |   188 |   200 ||   449
